 Dungeon Sprint DCSS version 0.19-a0-414-g76fec5b (webtiles) character file.

272 Kidiri the Covert (level 6, -3/26 HPs)
             Began as a Spriggan Enchanter on May 31, 2016.
             Slain by a neqoxec (9 damage)
             ... in the Dungeon (Sprint II: "The Violet Keep of Menkaure").
             The game lasted 00:00:30 (36 turns).

Kidiri the Covert (Spriggan Enchanter)                Turns: 36, Time: 00:00:30

Health: -3/26      AC:  3    Str:  3 (4)  XL:     6   Next: 2%
Magic:  8/16       EV: 23    Int: 12 (17) God:
Gold:   0          SH:  0    Dex: 18      Spells: 1 memorised, 17 levels left

rFire  . . .     SeeInvis +     a - +1 dagger
rCold  . . .     Gourm    .     b - +1 robe
rNeg   . . .     Faith    .     (shield restricted)
rPois  .         Spirit   .     (helmet restricted)
rElec  .         Dismiss  .     (no cloak)
rCorr  .         Reflect  .     (gloves unavailable)
SustAt .         Harm     .     (boots unavailable)
MR     +....     Rnd*Rage +     (no amulet)
Stlth  ++++++.... NoTele   +    (no ring)
                                (no ring)

@: exhausted, very slightly contaminated, hasted and slowed, very quick,
somewhat resistant to hostile enchantments, very stealthy
A: unfitting armour, see invisible, berserk 1, deterioration 2, herbivore 3,
speed 3, frail 1, screaming 1, slow regeneration 1, slow metabolism 2
a: no special abilities


You were in the Dungeon.
You were not hungry.

You visited 1 branch

Inventory:

Hand Weapons
 a - a +1 dagger (weapon)
Armour
 b - a +1 robe (worn)
Scrolls
 j - a scroll of blinking
Potions
 e - a potion of curing
 h - 2 potions of magic
Books
 c - a book of Maledictions

   Spells                             Type                      Level
   a - Corona                         Hexes                        1
   b - Ensorcelled Hibernation        Hexes/Ice                    2
   c - Confuse                        Hexes                        3
   d - Tukima's Dance                 Hexes                        3
   e - Dazzling Spray                 Conjuration/Hexes            3
Comestibles
 d - a bread ration


   Skills:
 + Level 0.5 Fighting
 + Level 2.4 Short Blades
 + Level 7.1 Dodging
 + Level 11.2 Stealth
 + Level 6.6 Spellcasting
 + Level 9.7 Hexes


You had 17 spell levels left.
You knew the following spells:

 Your Spells              Type           Power        Failure   Level  Hunger
a - Corona                Hex            ####...      1%          1    None


Dungeon Overview and Level Annotations

Branches:
Dungeon (1/1)

Altars:


Innate Abilities, Weirdness & Mutations

You are tiny and cannot use many weapons and most armour.
You have supernaturally acute eyesight. (SInv)
You are a herbivore.
You cover ground extremely quickly.
You need consume almost no food.
You tend to lose your temper in combat.
Your body often deteriorates upon taking damage.
You are frail. (-10% HP)
You occasionally shout uncontrollably at your foes.
You regenerate slowly when monsters are visible.


Message History

You are too injured to fight recklessly!
You are too injured to fight recklessly!
You are too injured to fight recklessly!
You are too injured to fight recklessly!
You are too injured to fight recklessly!
You are too injured to fight recklessly!
You are too injured to fight recklessly!
You are too injured to fight recklessly!
Unknown command.
You completely miss the neqoxec. The neqoxec hits you.
* * * LOW HITPOINT WARNING * * *
You hit the neqoxec.
The neqoxec is lightly wounded.
The neqoxec gestures at you.
Strange energies course through your body.
You feel frail.
You hit the neqoxec.
The neqoxec is lightly wounded.
The neqoxec hits you!
You die...

# #+# 5#
##.##55#
+.<@33#
##.##5#
#+# 5# #


You could see 2 neqoxecs, an iron imp, 2 crimson imps and 2 ufetubi.

Vanquished Creatures
  2 neqoxecs (D)
2 creatures vanquished.

Vanquished Creatures (others)
  A crocodile (D)
1 creature vanquished.

Grand Total: 3 creatures vanquished

Notes
Turn   | Place    | Note
--------------------------------------------------------------
     0 | D        | Kidiri the Spriggan Enchanter began the quest for the Orb.
     0 | D        | Reached XP level 1. HP: 9/9 MP: 5/5
     1 | D        | Noticed a neqoxec
     1 | D        | Noticed a neqoxec
     1 | D        | Noticed a neqoxec
     1 | D        | Noticed a neqoxec
     5 | D        | Noticed an iron imp
     6 | D        | Gained mutation: You occasionally shout uncontrollably at your foes. [a neqoxec]
    12 | D        | Noticed a crimson imp
    12 | D        | Killed a neqoxec
    12 | D        | Reached skill level 5 in Dodging
    12 | D        | Reached skill level 9 in Stealth
    12 | D        | Reached skill level 5 in Spellcasting
    12 | D        | Reached XP level 2. HP: 12/13 MP: 5/9
    12 | D        | Reached XP level 3. HP: 15/16 MP: 6/11
    12 | D        | Reached XP level 4. HP: 19/21 MP: 6/12
    14 | D        | Gained mutation: You tend to lose your temper in combat. [a neqoxec]
    15 | D        | Gained mutation: Your body sometimes deteriorates upon taking damage. [a neqoxec]
    17 | D        | Gained mutation: You regenerate slowly when monsters are visible. [a neqoxec]
    19 | D        | Gained mutation: Your body often deteriorates upon taking damage. [a neqoxec]
    24 | D        | Killed a neqoxec
    24 | D        | Reached skill level 11 in Stealth
    24 | D        | Reached XP level 5. HP: 2/25 MP: 6/15
    24 | D        | Reached XP level 6. HP: 3/29 MP: 6/16
    35 | D        | Gained mutation: You are frail. (-10% HP) [a neqoxec]
    36 | D        | Slain by a neqoxec

Vault maps used:
D:        the_violet_keep_of_menkaure

Skill      XL: |  1  2  3  4 |
---------------+-------------+-----
Dodging        | 5 7 |  7.1
Stealth        | 9 11 | 11.2
Spellcasting   | 5 6 |  6.6
Hexes          | 8 9 |  9.7
Short Blades   | 2 |  2.4
Fighting       | |  0.5

Action                   |  1- 3 |  4- 6 || total
-------------------------+-------+-------++-------
Melee: Dagger            |    10 |    22 ||    32
  Use: Potion            |     1 |     2 ||     3
Dodge: Dodged            |     2 |     5 ||     7
